Map: [ESL] Stargazers

Players

Probe - Winner!

  • Race: Protoss Protoss
  • Spawn Location: 1:00

TeebuL

  • Race: Protoss Protoss
  • Spawn Location: 11:00

Event: DreamHack SC2 Masters 2022 Atlanta (Online)

VOD

Have the link to the VOD?

Description

Time

  • Played on: Oct. 1, 2022, 5:18 a.m.
  • Length: 10:27

All games in this series

Show
View Real Time Build Order
Export as new Build Order

Probe Protoss - Winner!

Build Orders: Blink Stalkers 

Get SALT Encoding   

  12  0:00  Probe  
  13  0:12  Probe  
  14  0:17  Pylon  
  14  0:24  Probe (Chrono Boost)  
  15  0:37  Probe (Chrono Boost)  
  15  0:38  Gateway  
  16  0:44  Probe (Chrono Boost)  
  16  0:47  Assimilator  
  17  0:51  Probe  
  18  0:57  Assimilator  
  18  1:03  Probe (Chrono Boost)  
  19  1:09  Gateway  
  19  1:13  Probe (Chrono Boost)  
  19  1:18  Probe (Chrono Boost)  
  21  1:26  Cybernetics Core  
  21  1:29  Probe  
  22  1:35  Pylon  
  22  1:42  Probe  
  23  1:54  Probe  
  24  2:02  Warp Gate, Stalker x2  
  28  2:09  Pylon  
  28  2:10  Probe  
  29  2:22  Probe  
  30  2:32  Stalker x2  
  34  2:46  Twilight Council  
  34  2:58  Shield Battery  
  34  3:08  Shield Battery  
  34  3:14  Blink (Chrono Boost)  
  34  3:15  Probe  
  35  3:28  Probe  
  35  3:30  Gateway  
  35  3:31  Pylon  
  36  3:36  Pylon  
  36  3:40  Shield Battery, Probe  
  37  3:54  Probe  
  38  4:08  Pylon  
  37  4:11  Nexus  
  37  4:15  Stalker  
  39  4:21  Stalker  
  41  4:27  Stalker  
  43  4:37  Probe  
  44  4:42  Stalker  
  46  4:49  Probe  
  47  4:53  Stalker  
  47  4:54  Stalker  
  51  5:01  Probe  
  52  5:13  Probe  
  52  5:14  Stalker  
  53  5:18  Stalker  
  55  5:26  Sentry, Probe  
  55  5:27  Probe  
  57  5:33  Robotics Facility  
  57  5:37  Forge  
  57  5:43  Probe  
  57  5:44  Probe  
  59  5:53  Stalker x2  
  59  5:55  Probe  
  64  5:57  Probe  
  64  5:59  Pylon  
  65  6:07  Probe  
  65  6:08  Protoss Ground Weapons Level 1 (Chrono Boost)  
  65  6:09  Probe  
  67  6:19  Probe  
  67  6:21  Observer, Probe  
  67  6:23  Assimilator, Pylon  
  70  6:27  Stalker  
  70  6:31  Probe  
  73  6:33  Probe  
  74  6:43  Probe  
  74  6:44  Stalker  
  74  6:45  Photon Cannon, Probe  
  78  6:51  Stalker x2  
  82  6:55  Probe  
  82  6:57  Observer, Probe  
  85  7:07  Probe  
  86  7:15  Pylon  
  86  7:16  Pylon  
  86  7:17  Pylon  
  86  7:23  Charge  
  86  7:28  Gateway  
  86  7:29  Gateway  
  86  7:32  Nexus  
  86  7:36  Probe  
  87  7:44  Gateway  
  87  7:46  Probe  
  87  7:47  Gateway  
  87  7:48  Probe  
  87  7:49  Pylon  
  87  7:50  Gateway  
  89  7:53  Observer  
  89  7:55  Templar Archives  
  89  8:01  Warp Prism  
  90  8:11  Photon Cannon  
  90  8:12  Zealot  
  92  8:16  Phoenix  
  92  8:20  Zealot  
  92  8:21  Zealot  
  96  8:28  Zealot  
  96  8:29  Zealot  
  96  8:34  Pylon  
  100  8:44  Zealot, High Templar x2  
  106  8:49  Archon  
  106  8:51  High Templar  
  106  8:52  High Templar  
  106  8:53  Zealot x2  
  114  8:56  Archon  
  114  9:15  Observer  
  114  9:16  Nexus  
  115  9:19  Zealot x6  
  127  9:28  Pylon  
  127  9:29  Pylon  
  121  9:43  Zealot x6  
  125  10:00  Zealot  
  125  10:01  Zealot  
  125  10:05  Zealot  
  125  10:06  Zealot x5  
  126  10:14  Probe  
Show
View Real Time Build Order
Export as new Build Order

TeebuL Protoss 

Build Orders: Oracle Opening, Blink Stalkers 

Get SALT Encoding   

  12  0:00  Probe  
  13  0:12  Probe  
  14  0:18  Pylon  
  14  0:24  Probe  
  15  0:36  Probe (Chrono Boost)  
  15  0:38  Gateway  
  16  0:45  Probe (Chrono Boost)  
  16  0:47  Assimilator  
  17  0:51  Probe (Chrono Boost)  
  17  0:54  Assimilator  
  18  1:03  Probe (Chrono Boost)  
  19  1:11  Gateway  
  19  1:14  Probe (Chrono Boost)  
  20  1:19  Probe (Chrono Boost)  
  20  1:24  Cybernetics Core  
  21  1:30  Probe  
  22  1:34  Pylon  
  22  1:42  Probe  
  23  1:58  Warp Gate (Chrono Boost)  
  23  2:01  Adept x2  
  27  2:04  Pylon  
  27  2:31  Stalker x2  
  27  2:32  Pylon  
  30  2:45  Twilight Council  
  30  2:46  Probe  
  31  2:58  Probe  
  28  3:21  Gateway x2  
  28  3:22  Shield Battery  
  28  3:25  Blink (Chrono Boost)  
  28  3:33  Adept x2  
  30  3:49  Nexus, Probe  
  29  3:56  Oracle  
  29  3:57  Sentry, Stalker  
  29  4:02  Probe  
  34  4:14  Probe  
  35  4:24  Stalker x2  
  37  4:28  Pylon  
  37  4:30  Probe  
  39  4:34  Pylon  
  39  4:44  Pylon  
  39  4:53  Stalker x2  
  39  4:59  Stalker  
  45  5:01  Probe  
  45  5:05  Probe  
  45  5:17  Probe  
  45  5:18  Dark Shrine  
  46  5:25  Stalker  
  46  5:27  Probe  
  49  5:29  Probe  
  49  5:35  Shield Battery  
  50  5:40  Probe  
  50  5:42  Probe  
  51  5:52  Sentry  
  51  5:55  Pylon  
  51  5:56  Robotics Facility, Probe (Chrono Boost)  
  55  5:57  Probe (Chrono Boost)  
  55  6:06  Probe x2 (Chrono Boost)  
  55  6:11  Probe (Chrono Boost)  
  57  6:13  Probe  
  57  6:16  Assimilator  
  59  6:20  Pylon  
  59  6:22  Probe  
  59  6:25  Probe  
  61  6:34  Dark Templar, Probe  
  61  6:37  Probe  
  65  6:46  Probe  
  64  6:47  Stalker x2  
  64  6:49  Probe  
  64  6:53  Observer  
  70  6:58  Nexus  
  70  7:00  Robotics Bay  
  70  7:15  Pylon  
  70  7:17  Pylon  
  70  7:26  Gateway  
  70  7:27  Assimilator, Pylon  
  70  7:30  Pylon  
  70  7:33  Shield Battery, Observer, Probe x2  
  70  7:35  Stalker x3  
  79  7:37  Observer  
  79  7:45  Probe x2  
  79  7:51  Disruptor (Chrono Boost)  
  81  7:57  Probe x2  
  86  7:59  Shadow Stride (Chrono Boost)  
  86  8:05  Stalker x2  
  86  8:08  Forge  
  86  8:09  Probe (Chrono Boost)  
  91  8:15  Probe (Chrono Boost)  
  91  8:18  Probe (Chrono Boost)  
  93  8:21  Probe (Chrono Boost)  
  93  8:26  Probe (Chrono Boost)  
  96  8:27  Disruptor, Probe (Chrono Boost)  
  96  8:28  Probe (Chrono Boost)  
  96  8:31  Probe (Chrono Boost), Stalker x2  
  105  8:34  Assimilator  
  105  8:39  Stalker x2  
  107  8:44  Photon Cannon  
  107  8:47  Photon Cannon  
  107  9:00  Disruptor (Chrono Boost)  
  110  9:13  Dark Templar x2  
  110  9:15  Assimilator  
  114  9:18  Pylon  
  114  9:20  Gateway, Pylon  
  114  9:22  Gateway, Pylon  
  114  9:33  Photon Cannon x2  
  114  9:37  Shield Battery x2  
  114  9:40  Stalker x2  
  114  9:44  Pylon  
  109  9:57  Stalker x2  
  99  10:05  Dark Templar x2  
  71  10:18  Dark Templar  
Tags
 
Add a new tag
Caveats
  • Supply blocks, unpowered buildings, or Contaminate may cause inaccurate times.
  • Supply counts are checked every 10 seconds.